 Dungeon Crawl Stone Soup version 0.26.1-11-gd32895ea62 (webtiles) character file.

Game seed: 1983235628263031664

55 bits the Grave Robber (level 3, 0/30 HPs)
             Began as a Deep Dwarf Necromancer on June 24, 2021.
             Killed from afar by Sigmund (9 damage)
             ... with a magic dart
             ... on level 2 of the Dungeon.
             The game lasted 00:15:29 (1235 turns).

bits the Grave Robber (Deep Dwarf Necromancer)      Turns: 1235, Time: 00:15:29

Health: 0/30       AC:  3    Str: 11    XL:     3   Next: 67%
Magic:  3/5        EV: 13    Int: 16    God:
Gold:   19         SH:  0    Dex: 13    Spells: 1/6 levels left

rFire    . . .     SeeInvis .   b - +0 spear
rCold    . . .     Faith    .   (no shield)
rNeg     . . .     Spirit   .   a - +1 robe
rPois    .         Reflect  .   (no helmet)
rElec    .         Harm     .   (no cloak)
rCorr    .         Rampage  .   (no gloves)
Will     .....                  (no boots)
Stlth    +.........             (no amulet)
HPRegen  0.00/turn              (no ring)
MPRegen  0.09/turn              (no ring)

@: confused, non-regenerating
A: damage resistance, heal wounds, sense surroundings 1, no regeneration
a: Heal Wounds


You were on level 2 of the Dungeon.
You visited 1 branch of the dungeon, and saw 2 of its levels.

You collected 19 gold pieces.

Inventory:

Hand Weapons
 b - a +0 spear (weapon)
Armour
 a - a +1 robe (worn)
 g - a +0 scale mail
 j - a +0 leather armour
Jewellery
 d - a +6 ring of strength {unknown}
Scrolls
 h - a scroll of blinking
 i - a scroll of teleportation {unknown}
 k - a scroll of identify {unknown}
Potions
 e - a potion of curing {unknown}
 f - 2 potions of mutation {unknown}


   Skills:
 + Level 0.4 Fighting
 + Level 0.2 Polearms
 + Level 0.7 Armour
 + Level 2.6 Dodging
 + Level 2.4 Stealth
 + Level 0.3 Unarmed Combat
 * Level 2.0 Spellcasting
 * Level 5.2 Necromancy


You had one spell level left.
You knew the following spells:

 Your Spells              Type           Power        Failure   Level
a - Pain                  Necr           72%          2%          1
b - Animate Skeleton      Necr           36%          2%          1
c - Vampiric Draining     Necr           9%           8%          3

Your spell library contained the following spells:

 Spells                   Type           Power        Failure   Level
 Animate Dead             Necr           9%           24%         4
 Agony                    Necr           18%          56%         5


Dungeon Overview and Level Annotations

Branches:
Dungeon (2/15)

Altars:

Annotations:
D:2 Sigmund


Innate Abilities, Weirdness & Mutations

You are resistant to damage.
You can heal yourself by infusing magical energy.
You passively map a small area around you.
You do not regenerate.


Message History

You feel life coursing into your body. Something hits you but does no damage.
You hear some strange, mumbled words.
Something tries to affect you, but you resist.
There is an open door here.
You hear some strange, mumbled words.
You are confused.
There is an open door here.
Something hits you. Something hits you. Something hits you!
You're too confused to cast spells.
You hear some strange, mumbled words.
A magic dart appears from out of thin air!
The magic dart hits you.
* * * LOW HITPOINT WARNING * * *
You hear some strange, mumbled words.
A magic dart appears from out of thin air!
The magic dart hits you!
You die...

#..##.....##...##.....##
#..###...###...###...##
#.## ##### #...# ##### #.#
##...###...# *
#.###..).[##...#* ,
#.##.......#...# , ,
#.##..?.†..'...+ , ,,
#.##.....{.#...#, , ,, *
#..##....@##...## ##
#.####...##.....## , #.#
#†# #####.......#####.###
#.#####...........÷.).....
#.............######.#####
############### #(# #.# *
#.# #.#


There were no monsters in sight!

Vanquished Creatures
  An adder (D:2)
  An ooze (D:1)
  A dart slug (D:1)
  A leopard gecko (D:2)
  2 bats
  2 giant cockroaches
  5 goblins
  5 hobgoblins
  6 jackals
  2 frilled lizards (D:2)
  5 kobolds
  4 rats (D:1)
35 creatures vanquished.

Notes
Turn   | Place    | Note
-------+----------+-------------------------------------------
     0 | D:1      | bits the Deep Dwarf Necromancer began the quest for the
                  | Orb.
     0 | D:1      | Reached XP level 1. HP: 15/15 MP: 3/3
   272 | D:1      | Learned a level 1 spell: Animate Skeleton
   358 | D:1      | Reached XP level 2. HP: 22/22 MP: 4/4
   620 | D:1      | Reached skill level 5 in Necromancy
   950 | D:2      | Reached XP level 3. HP: 20/28 MP: 5/5
   965 | D:2      | Learned a level 3 spell: Vampiric Draining
  1221 | D:2      | Noticed Sigmund
  1235 | D:2      | Killed from afar by Sigmund

Illustrated notes

Levels and vault maps discovered:
D:1:      dpeg_arrival_arbitrary_c, layout_loops_ring
D:2:      kennysheep_six_static_rooms, layout_loops_ring,
          gammafunk_temple_overflow_arena, uniq_sigmund

Skill      XL: |  1  2 |
---------------+-------+-----
Spellcasting   | 2 |  2.0
Necromancy     | 5 |  5.2
Fighting       | |  0.4
Polearms       | |  0.2
Armour         | |  0.7
Dodging        | |  2.6
Stealth        | |  2.4
Unarmed Combat | |  0.3

Action                   || total
-------------------------++-------
Melee: Unarmed           ||    19
       Spear             ||   127
 Cast: Pain              ||     6
       Animate Skeleton  ||     1
       Vampiric Draining ||     2
 Abil: Heal Wounds       ||     2
  Use: Scroll            ||     3
 Stab: Sleeping          ||     1
Armor: Robe              ||    20
       Scale mail        ||    47
Dodge: Dodged            ||    77
